 Dungeon Crawl Stone Soup version 0.30-a0-297-g0ec75d9ef4 (webtiles) character file.

Game seed: 16870181300744384877

4886 greasedhog the Basher (level 10, -8/65 HPs)
             Began as a Gargoyle Cinder Acolyte on Oct 18, 2022.
             Was an Elder of Ignis.
             Killed from afar by a blizzard demon (32 damage)
             ... with a bolt of cold
             ... on level 1 of the Abyss.
             The game lasted 00:15:34 (8525 turns).

greasedhog the Basher (Gargoyle Cinder Acolyte)     Turns: 8525, Time: 00:15:34

Health: -8/65      AC: 34    Str: 20    XL:     10   Next: 50%
Magic:  11/11      EV:  7    Int: 15    God:    Ignis [****..]
Gold:   526        SH:  0    Dex:  7    Spells: 11/11 levels left

rFire   + + .      SeeInvis .    f - +0 dire flail
rCold   . . .      Faith    .    (shield currently unavailable)
rNeg    + + +      Spirit   .    y - +0 plate armour {rF+}
rPois   ∞          Reflect  .    (no helmet)
rElec   +          Harm     .    d - +0 cloak
rCorr   .          Rampage  .    (no gloves)
Will    .....                    t - +5 pair of boots "Juttituj" {rN+++}
Stlth   ..........               (no amulet)
HPRegen 0.00/turn                (no ring)
MPRegen 0.12/turn                (no ring)

@: fiery-armoured, inhibited regen
A: sickness immunity, AC +7, negative energy resistance 1, electricity
resistance, torment resistance 1, petrification resistance, [inhibited
regeneration]
a: Renounce Religion, Fiery Armour, Foxfire Swarm, Rising Flame


You were on level 1 of the Abyss.
You worshipped Ignis.
Ignis was greatly pleased with you.
You visited 2 branches of the dungeon, and saw 9 of its levels.
You visited the Abyss 1 time.
You also visited: Ossuary.

You collected 526 gold pieces.

Inventory:

Hand Weapons
 f - a +0 dire flail (weapon)
Missiles
 a - 8 poisoned darts (quivered)
Armour
 d - a +0 cloak (worn)
 t - the +5 pair of boots "Juttituj" (worn) {rN+++}
   (You found it on level 5 of the Dungeon)

   rN:        It renders you almost immune to negative energy.
 y - a +0 plate armour of fire resistance (worn)
Wands
 s - a wand of iceblast (9)
 u - a wand of flame (15)
Scrolls
 b - a scroll of summoning {unknown}
 c - 5 scrolls of magic mapping
 g - 5 scrolls of teleportation
 h - 9 scrolls of enchant armour
 i - 2 scrolls of fear
 j - 4 scrolls of blinking
 k - a scroll of poison
 m - a scroll of butterflies
 n - a scroll of enchant weapon
 q - 2 scrolls of amnesia
 w - a scroll of immolation
Potions
 e - a potion of invisibility
 l - 3 potions of flight
 p - 2 potions of curing
 r - a potion of ambrosia {unknown}
 v - a potion of mutation {unknown}
 x - 3 potions of attraction {unknown}
 z - 2 potions of resistance {unknown}
 A - 3 potions of lignification
 B - 2 potions of brilliance {unknown}


   Skills:
 * Level 8.6 Fighting
 * Level 11.2 Maces & Flails
 - Level 5.1 Armour
 - Level 5.0 Dodging
 - Level 1.0 Spellcasting
 - Level 3.0 Fire Magic


You had 11 spell levels left.
You didn't know any spells.
Your spell library contained the following spells:

 Spells                   Type           Power      Damage    Failure   Level
 Scorch                   Fire           18%        2d5       95%         2
 Sandblast                Erth           0%         2d4       99%         1
 Blink                    Tloc           0%         N/A       100%        2
 Momentum Strike          Conj/Tloc      0%         3d8       100%        2
 Passwall                 Tmut/Erth      0%         N/A       100%        2
 Ignite Poison            Fire/Tmut/Pois 3%         N/A       100%        3
 Lesser Beckoning         Tloc           0%         N/A       100%        3
 Stone Arrow              Conj/Erth      0%         3d7       100%        3
 Manifold Assault         Tloc           0%         N/A       100%        4
 Sticky Flame             Conj/Fire      5%         2d3       100%        4
 Storm Form               Tmut/Air       0%         N/A       100%        7
 Ignition                 Fire           4%         3d4       100%        8


Dungeon Overview and Level Annotations

Branches:
Dungeon (8/15)             Temple (1/1) D:6         Ossuary (visited)
   Lair: D:8-11

Altars:
Dithmenos
Fedhas
Gozag
Hepliaklqana
Kikubaaqudgha
Makhleb
Nemelex Xobeh
Okawaru
Qazlal
Sif Muna
Trog
Uskayaw
Vehumet
Wu Jian
Xom
Yredelemnul
Zin
The Shining One

Annotations:
D:7 2 transporters, Lobster4's ghost, novice TeAE
D:8 Psyche
Abyss:1 2 transporters


Innate Abilities, Weirdness & Mutations

You are immune to sickness and miasma.
Your stone body is resilient. (AC +7)
You are immune to poison.
You resist negative energy. (rN+)
You are resistant to electric shocks. (rElec)
You are resistant to unholy torment.
You are immune to petrification.
[You do not regenerate when monsters are visible.]


Message History

The flying skull is burned by your cloak of flames.
The flying skull is almost destroyed.
You barely miss the flying skull.
The flying skull is almost destroyed.
The flying skull hits you but does no damage.
The flying skull completely resists.
The flying skull barely misses you.
You completely miss the flying skull.
The flying skull is almost destroyed.
The flying skull hits you but does no damage.
You miss the flying skull.
The flying skull is almost destroyed.
The flying skull hits you but does no damage.
The flying skull resists.
The flying skull is burned by your cloak of flames.
You destroy the flying skull!
You closely miss the flying skull.
The flying skull hits you but does no damage.
You puncture the flying skull!
The flying skull is heavily damaged.
The flying skull hits you but does no damage.
You bludgeon the flying skull!!
You destroy the flying skull!
A blizzard demon comes into view.
There is an open door here.
Why would you want to do that?
There's nothing to close nearby.
You enter the shallow water.
Moving in this stuff is going to be slow.
The blizzard demon shouts!
A small abomination comes into view.
You close the door.
A blizzard demon opens the door.
There is an open door here.
A dire elephant zombie comes into view.
You close the door.
Something unseen opens the door.
The blizzard demon gestures at you.
The bolt of cold hits the dire elephant zombie!
The dire elephant zombie resists.
The bolt of cold hits you!!
You die...

.# # #.# # #.# #
#.# ...# #######
########.# #
#.#..##.........
. #.#.#.Z.2....#
#..@...#####'# #
.# #.######
#≈≈~≈≈# ... ..
#≈~≈~≈ #... ##
#### ~≈ ≈~#....
~~ ~~≈ 2~≈#....
..#####'## .. #.
....#...#
#.........
#....####.##


You could see a blizzard demon and a dire elephant zombie.

Vanquished Creatures
  A two-headed ogre (D:8)
  Maggie (D:7)
  2 hornets
  A large abomination (Abyss:1)
  3 flying skulls (Abyss:1)
  A wraith (Ossuary)
  A ynoxinul (Abyss:1)
  A steam dragon (D:7)
  A water moccasin (D:7)
  An ice beast (D:5)
  An orc warrior (D:7)
  3 black bears
  An ogre (D:6)
  A centaur (D:7)
  2 phantoms
  A kobold brigand (D:7)
  4 bullfrogs
  An elf zombie (Ossuary)
  2 scorpions
  2 necrophages
  A wight (D:7)
  A howler monkey (D:7)
  A human zombie (Ossuary)
  A quasit (Abyss:1)
  3 hounds
  A jelly (D:6)
  4 orc priests
  Crazy Yiuf (D:3)
  Terence (D:2)
  6 iguanas
  6 orc wizards
  3 mummies (Ossuary)
  7 gnolls
  6 adders
  A shadow imp (D:6)
  A white imp (D:5)
  4 ufetubi
  6 dart slugs
  26 orcs
  4 bats
  5 endoplasms
  3 giant cockroaches
  2 gnoll zombies (Ossuary)
  7 goblins
  6 hobgoblins
  4 jackals (D:3)
  10 kobolds
  3 quokkas
  11 ball pythons
  3 frilled lizards
  5 goblin zombies (Ossuary)
  A hobgoblin zombie (Ossuary)
  2 kobold zombies (Ossuary)
  7 rats
184 creatures vanquished.

Vanquished Creatures (others)
  2 starspawn tentacles (Abyss:1)
2 creatures vanquished.

Grand Total: 186 creatures vanquished

Notes
Turn   | Place    | Note
-------+----------+-------------------------------------------
     0 | D:1      | greasedhog the Gargoyle Cinder Acolyte began the quest for
                  | the Orb.
     0 | D:1      | Reached XP level 1. HP: 14/14 MP: 2/2
   221 | D:1      | Reached XP level 2. HP: 17/19 MP: 3/3
   719 | D:1      | Reached XP level 3. HP: 21/24 MP: 4/4
  1014 | D:2      | Noticed Terence
  1043 | D:2      | Killed Terence
  1044 | D:2      | Reached skill level 4 in Maces & Flails
  1044 | D:2      | Reached XP level 4. HP: 30/30 MP: 5/5
  1874 | D:3      | Found a stormy altar of Qazlal.
  2285 | D:3      | Reached XP level 5. HP: 29/34 MP: 6/6
  2414 | D:3      | Found a runed translucent door.
  2415 | D:3      | Noticed Crazy Yiuf
  2779 | D:3      | Killed Crazy Yiuf
  2780 | D:3      | Reached skill level 5 in Fighting
  3160 | D:4      | Found a shadowy altar of Dithmenos.
  3170 | D:4      | Noticed a black bear
  3177 | D:4      | Killed a black bear
  3178 | D:4      | Reached skill level 5 in Maces & Flails
  3178 | D:4      | Reached XP level 6. HP: 32/40 MP: 7/7
  3561 | D:4      | Found a faded altar of an unknown god.
  3561 | D:4      | Found the Hermit's Pendant {Faith Invo=14 Evo=0 MP+5}
  3857 | D:5      | Entered Level 5 of the Dungeon
  3869 | D:5      | Identified the +5 pair of boots "Juttituj" {rN+++}
  3997 | D:5      | Reached XP level 7. HP: 27/44 MP: 8/8
  4026 | D:5      | Reached skill level 6 in Maces & Flails
  4112 | D:5      | Found a sand-covered staircase.
  4141 | Ossuary  | Entered an ossuary
  4141 | Ossuary  | Noticed a wraith
  4141 | Ossuary  | Noticed a wraith
  4141 | Ossuary  | Noticed a wraith
  4688 | Ossuary  | Noticed a wraith
  4707 | Ossuary  | Killed a wraith
  4708 | Ossuary  | Reached skill level 5 in Armour
  4708 | Ossuary  | Reached XP level 8. HP: 19/49 MP: 9/9
  4846 | D:5      | Reached skill level 7 in Maces & Flails
  4972 | D:5      | Reached skill level 1 in Dodging
  5435 | D:5      | Found a glowing silver altar of Zin.
  5755 | D:6      | Reached skill level 8 in Maces & Flails
  5810 | D:6      | Found a staircase to the Ecumenical Temple.
  5828 | Temple   | Entered the Ecumenical Temple
  6439 | D:6      | Reached XP level 9. HP: 54/54 MP: 10/10
  6919 | D:7      | Noticed a hornet
  6927 | D:7      | Killed a hornet
  6928 | D:7      | Reached skill level 9 in Maces & Flails
  6958 | D:7      | Noticed Maggie
  7159 | D:7      | Noticed Lobster4's ghost (novice TeAE)
  7161 | D:7      | Found a transporter.
  7181 | D:7      | Reached skill level 5 in Dodging
  7228 | D:7      | Killed Maggie
  7618 | D:7      | Reached skill level 10 in Maces & Flails
  7885 | D:7      | Found a transporter.
  7991 | D:8      | Noticed a two-headed ogre
  8000 | D:8      | Killed a two-headed ogre
  8001 | D:8      | Reached XP level 10. HP: 63/63 MP: 11/11
  8058 | D:8      | Found a hide-covered altar of Uskayaw.
  8107 | D:8      | Noticed Psyche
  8111 | Abyss:1  | Cast into level 1 of the Abyss (Psyche)
  8152 | Abyss:1  | Noticed a worldbinder
  8156 | Abyss:1  | Noticed a red very ugly thing
  8187 | Abyss:1  | Noticed an ironbound thunderhulk
  8189 | Abyss:1  | Noticed a green very ugly thing
  8222 | Abyss:1  | Noticed a tentacled starspawn
  8256 | Abyss:1  | Noticed a starcursed mass
  8270 | Abyss:1  | Noticed an apocalypse crab
  8281 | Abyss:1  | Found a transporter.
  8283 | Abyss:1  | Noticed a starcursed mass
  8283 | Abyss:1  | Noticed a rust devil
  8283 | Abyss:1  | Noticed a worldbinder
  8283 | Abyss:1  | Noticed a tentacled starspawn
  8283 | Abyss:1  | Noticed a tentacled starspawn
  8283 | Abyss:1  | Noticed a starcursed mass
  8284 | Abyss:1  | Noticed a starcursed mass
  8284 | Abyss:1  | Noticed a wretched star
  8284 | Abyss:1  | Noticed a tentacled starspawn
  8285 | Abyss:1  | Found a corrupted altar of Lugonu.
  8285 | Abyss:1  | Found a transporter.
  8286 | Abyss:1  | Noticed a tentacled monstrosity
  8287 | Abyss:1  | Noticed a smoke demon
  8365 | Abyss:1  | Noticed a thrashing horror
  8379 | Abyss:1  | Noticed a bone dragon
  8382 | Abyss:1  | Noticed a large abomination
  8394 | Abyss:1  | Noticed a wretched star
  8403 | Abyss:1  | HP: 3/64 [raiju (2)]
  8403 | Abyss:1  | HP: 1/64 [raiju (2)]
  8426 | Abyss:1  | Noticed a starcursed mass
  8470 | Abyss:1  | Reached skill level 11 in Maces & Flails
  8506 | Abyss:1  | Noticed a blizzard demon
  8525 | Abyss:1  | Killed from afar by a blizzard demon

Illustrated notes

Levels and vault maps discovered:
D:1:      saegor_arrival_fortress, layout_rooms, minivault_5,
          grunt_decor_arrowhead, chequers_serial_rivers_room_b
D:2:      layout_rooms, uniq_terence
D:3:      minmay_skewed_foursquare, layout_basic,
          nicolae_qazlal_general_emergency, uniq_crazy_yiuf_cottage
D:4:      layout_basic, mainiacjoe_overflow_boulevard,
          hellmonk_guarded_unrand_hermit
D:5:      layout_basic, marbit_many_paths, nicolae_ossuary_entry_ruins
D:6:      layout_loops_ring, minmay_temple_entry_glassed_door
D:7:      layout_basic, gammafunk_ghost_arena, minmay_bent, uniq_maggie
D:8:      layout_rooms, mainiacjoe_overflow_small_starburst,
          gammafunk_temple_overflow_elements, gammafunk_ghost_grave, uniq_psyche
Temple:   dpeg_chambers_temple
Abyss:1:  base: D:1, minivault_24, gammafunk_corrupted_shrine,
          hangedman_abyss_town

Skill      XL: |  1  2  3  4  5  6  7  8  9 10 |
---------------+-------------------------------+-----
Fighting       | 4 5 7 8 |  8.6
Maces & Flails | 4 5 6 8 10 11 | 11.2
Armour         | 2 3 5 |  5.1
Dodging        | 3 5 |  5.0
Spellcasting   | |  1.0
Fire Magic     | |  3.0

Action                   |  1- 3 |  4- 6 |  7- 9 | 10-12 || total
-------------------------+-------+-------+-------+-------++-------
Melee: Mace              |    91 |   237 |   555 |       ||   883
       Punch             |     2 |     4 |    10 |       ||    16
       Dire flail        |       |       |    15 |   114 ||   129
Throw: Dart              |       |       |    16 |       ||    16
Invok: Fiery Armour      |     1 |       |     1 |     2 ||     4
Evoke: Wand              |       |     3 |     6 |       ||     9
  Use: Scroll            |     3 |     7 |     7 |     4 ||    21
       Potion            |     4 |     1 |     2 |     5 ||    12
Armor: Robe              |    15 |       |       |       ||    15
       Ring mail         |    21 |       |       |       ||    21
       Skin              |    11 |     6 |       |       ||    17
       Chain mail        |       |   237 |   397 |       ||   634
       Plate armour      |       |       |     7 |   226 ||   233
Dodge: Dodged            |    59 |   125 |   215 |   101 ||   500

Table legend: (Time is in decaauts)
 A = Elapsed time spent in this place.
 B = Non-inter-level travel time spent in this place.
 C = Inter-level travel time spent in this place.
 D = Time resting spent in this place.
 E = Time spent auto-exploring this place.
 F = Levels seen in this place.
 G = Mean time per level.
                   A        B        C        D        E       F      G
               +--------+--------+--------+--------+--------+-----+--------+
         Total |   8593 |   8401 |    192 |    497 |   5617 |  11 |  781.2 |
       Dungeon |   7222 |   7049 |    173 |    497 |   4854 |   8 |  902.8 |
        Temple |    264 |    245 |     19 |      0 |    232 |   1 |  264.0 |
         Abyss |    399 |    399 |      0 |      0 |     30 |   1 |  399.0 |
       Ossuary |    706 |    706 |      0 |      0 |    500 |   1 |  706.0 |
               +--------+--------+--------+--------+--------+-----+--------+

Top non-repeatable levels by time:
     D:7: 1265 daAuts
     D:3: 1244 daAuts
     D:5: 1025 daAuts
     D:4: 938 daAuts
     D:1: 892 daAuts
     D:6: 888 daAuts
     D:2: 843 daAuts
 Ossuary: 706 daAuts
 Abyss:1: 399 daAuts
  Temple: 264 daAuts
     D:8: 123 daAuts
